Unix NetHack Version 5.0.0-0 post-release - last build May 31 2026 23:59:36 (970b52f25bf058293b47ddfd14a1e40e571c508c,branch:main).

Game began 2026-06-02 11:35:06, ended 2026-06-02 11:50:22.

GdeVolpiano, lawful male human Archeologist

                                                                    ---------
       --------            -----------           ------             |%%%%%%%|
       |......|           #..........+           |.>...#            |.......|
       |......-#          #|.........|          #-....|#            ------|--
       |......|#          #..........|          #------##########*        #
       ---.----#          #----...----# ################                  #
          #    #          ####|...|###########################            #
               #             #|...-#####f         #    #                  #
               #             #-----#####e@#########   ##                  #
              ##             #         #         #######################0 #
              )--------------#         #----------#   #           #---|-+-.--
              #|............|#         #|........|#  ##           #.........|
              #-.....d.......#         #.........|#  #-------      |........|
               |........._..|           |........|#  #|.....|      |........|
               |............|           .........-#  #......|      |......<.|
               --------------           |........|    |......######.........|
                                        ----------    |.....|      ----------
                                                      |.....|
                                                      -------

GdeVolpiano the Field Worker  St:11 Dx:13 Co:12 In:15 Wi:18 Ch:8  Lawful
Dlvl:3  $:60 HP:0(42) Pw:25(25) AC:6  Xp:5 T:2680 

Latest messages:
 This cram ration is bland.
 You finish eating the cram ration.
 You climb up the stairs.
 Where do you want to travel to?
 (For instructions type a '?')
 What do you want to use or apply? [egklB or ?*]
 In what direction do you want to dig? [ykunjb>]
 You start digging.
 You hit the rock with all your might.
 You succeed in cutting away some rock.
 What do you want to use or apply? [egklB or ?*]
 In what direction do you want to dig? [hlnjb>]
 You start digging.
 You hit the rock with all your might.
 You succeed in cutting away some rock.
 What do you want to use or apply? [egklB or ?*]
 In what direction do you want to dig? [hyulnjb>]
 You start digging.
 You hit the rock with all your might.
 You make an opening in the wall.
 Where do you want to travel to?
 (For instructions type a '?')
 You climb up the stairs.
 Where do you want to travel to?
 (For instructions type a '?')
 You are already here.
 You descend the stairs.
 Where do you want to travel to?
 (For instructions type a '?')
 You hit the iguana.
 The iguana bites!
 You hit the iguana!
 The iguana bites!
 You kill the iguana!
 You hear the chime of a cash register.
 You hit the floating eye.
 You are frozen by the floating eye's gaze!
 The kitten bites!
 The kitten bites!
 The kitten bites!
 The kitten bites!
 The kitten bites!
 The kitten bites!
 The kitten bites!
 The kitten bites!
 The kitten bites!
 The kitten bites!
 The kitten bites!
 You die...
 Do you want your possessions identified? [ynq] (y)

Inventory:
 Coins    ('$')
  $ - 60 gold pieces
 Armor    ('[')
  c - a blessed +0 fedora (being worn)
  N - an uncursed +0 pair of jumping boots
  p - an uncursed +0 scale mail (being worn)
 Comestibles  ('%')
  M - 2 uncursed tripe rations
  I - an uncursed egg
 Scrolls  ('?')
  C - a blessed scroll of confuse monster
  q - a blessed scroll of enchant armor
  v - an uncursed scroll of gold detection
  E - an uncursed scroll of light
  i - a cursed scroll of light
 Potions  ('!')
  L - an uncursed potion of blindness
  j - a blessed potion of gain level
  D - 2 uncursed potions of healing
 Wands    ('/')
  l - a wand of create monster (0:13)
 Tools    ('(')
  B - an uncursed bag of holding containing 1 item
  e - a +0 pick-axe (weapon in left hand)
  k - an uncursed skeleton key
 Gems/Stones  ('*')
  g - an uncursed touchstone

Contents of the bag of holding:
  4 uncursed food rations

GdeVolpiano the Archeologist's attributes:

Background:
 You were a Field Worker, a level 5 male human Archeologist.
 You were lawful, on a mission for Quetzalcoatl
 who was opposed by Camaxtli (neutral) and Huhetotl (chaotic).
 You were left-handed.
 You were in the Dungeons of Doom, on level 3.
 You entered the dungeon 2680 turns ago.
 There was a full moon in effect when your adventure ended.
 You had 204 experience points, 116 more were needed to attain level 6.

Basics:
 You had 0 out of 42 hit points.
 You had all 25 energy points (spell power).
 Your armor class was 6.
 Your wallet contained 60 zorkmids.
 Autopickup was on for '$?!/="+' plus thrown, with exceptions.

Final Characteristics:
 Your strength was 11 (limit:18/100).
 Your dexterity was 13 (limit:18).
 Your constitution was 12 (limit:18).
 Your intelligence was 15 (limit:18).
 Your wisdom was 18 (limit:18).
 Your charisma was 8 (limit:18).

Final Status:
 You weren't hungry.
 You were unencumbered.
 You were wielding a pick-axe.
 You were skilled in pick-axe.

Final Attributes:
 You were piously aligned.
 You were telepathic.
 You had automatic searching.
 You were stealthy.
 You were warded.
 You were lucky.
 You are dead.

Miscellaneous:
 You didn't encounter any bones levels.
 Total elapsed playing time was 15 minutes and 15 seconds.

Major events:
 Turn
    1: GdeVolpiano the lawful male human Archeologist entered the dungeon
  563: attained the rank of Field Worker (level 3)
 2680: killed by a kitten, while frozen by a floating eye's gaze

You didn't know any spells.

Skills:
 Fighting Skills
   bare handed combat [Unskilled]
   two weapon combat  [Unskilled]
   riding             [Unskilled]
 Weapon Skills
   dagger             [Unskilled]
   knife              [Unskilled]
   pick-axe           [Skilled]
   short sword        [Unskilled]
   saber              [Unskilled]
   club               [Unskilled]
   quarterstaff       [Unskilled]
   sling              [Unskilled]
   dart               [Unskilled]
   boomerang          [Unskilled]
   whip               [Basic]
   unicorn horn       [Unskilled]
 Spellcasting Skills
   attack spells      [Unskilled]
   healing spells     [Unskilled]
   divination spells  [Unskilled]
   matter spells      [Unskilled]

Voluntary challenges:
 Character rerolling was not enabled.
 You never genocided any monsters.
 You never polymorphed an object.
 You never changed form.
 You used no wishes.
Achievements:
 You attained the rank of Field Worker.
 You entered a shop.

 The Dungeons of Doom: levels 1 to 5
    Level 1:
    Level 2:
       A general store.
    Level 3: <- You were here.
       A food shop, an altar to Quetzalcoatl.
       Final resting place for
          you, killed by a kitten, while frozen by a floating eye's gaze.
    Level 4:
       A fountain.
    Level 5:
       A fountain.


Vanquished creatures:
  a gnome leader
  a little dog
  2 floating eyes
  a kobold leader
  a giant bat
  a werejackal
  5 iguanas
 an acid blob
  3 giant rats
  2 gnomes
  5 geckos
  5 jackals
  a fox
  3 kobolds
  3 goblins
  5 sewer rats
  2 grid bugs
  2 bats
  4 lichens
  2 kobold zombies
  6 newts
56 creatures vanquished.

No species were genocided or became extinct.

Game over:
                       ----------
                      /          \
                     /    REST    \
                    /      IN      \
                   /     PEACE      \
                  /                  \
                  |   GdeVolpiano    |
                  |      60 Au       |
                  |   killed by a    |
                  |      kitten      |
                  |                  |
                  |                  |
                  |       2026       |
                 *|     *  *  *      | *
        _________)/\\_//(\/(/\)/\//\/|_)_______

Goodbye GdeVolpiano the Archeologist...

You died in The Dungeons of Doom on dungeon level 3 with 1090 points,
and 60 pieces of gold, after 2680 moves.
You were level 5 with a maximum of 42 hit points when you died.

